 Dungeon Crawl Stone Soup version 0.30-b1-2-g02819fbbbe (webtiles) character file.

Game seed: 17675212564589060621

263 Alarkh the Shooter (level 5, -1/57 HPs)
             Began as a Demonspawn Hexslinger on May 23, 2023.
             Slain by a gnoll bouda
             ... wielding a +0 whip
              (5 damage)
             ... on level 3 of the Dungeon.
             The game lasted 00:07:47 (4642 turns).

Alarkh the Shooter (Demonspawn Hexslinger)          Turns: 4642, Time: 00:07:47

Health: -1/57      AC: 22    Str: 10    XL:     5   Next: 97%
Magic:  6/6        EV:  2    Int: 17    God:
Gold:   132        SH:  0    Dex: 13    Spells: 5/6 levels left

rFire   . . .        b - +0 short sword (drain)
rCold   . . .        (no shield)
rNeg    . . .        c - melded +0 robe
rPois   +            w - melded +0 helmet
rElec   .            f - melded +0 cloak
rCorr   .            (gloves currently unavailable)
SInv    .            (boots currently unavailable)
Will    .....        (no amulet)
Stlth   +            t - ring of wizardry
HPRegen 0.29/turn    (no ring)
MPRegen 0.10/turn

%: wizardry (x1)
@: tree-form
A: stationary, stasis, torment immunity, boosted hp, powered by death 2, powered
by pain 1
a: no special abilities


You were on level 3 of the Dungeon.
You were a tree.
You visited 1 branch of the dungeon, and saw 5 of its levels.

You collected 132 gold pieces.

Inventory:

Hand Weapons
 a - a +1 sling
 b - a +0 short sword of draining (weapon)
Missiles
 h - 10 poisoned darts
 q - a silver javelin
Armour
 c - a +0 robe (melded)
 f - a +0 cloak (melded)
 v - an orb of guile
 w - a +0 helmet (melded)
Magical Staves
 r - a staff of death
Jewellery
 t - a ring of wizardry (left branch)
Scrolls
 e - a scroll of enchant armour {unknown}
 g - a scroll of poison
 i - a scroll of teleportation
 l - 5 scrolls of identify {unknown}
 m - 2 scrolls of fear {unknown}
 o - a scroll of vulnerability {unknown}
 s - a scroll of torment {unknown}
 x - a scroll of amnesia {unknown}
 y - a scroll of noise {unknown}
Potions
 d - 2 potions of resistance
 j - a potion of attraction {unknown}
 k - a potion of might {unknown}
 n - a potion of curing {unknown}
 p - a potion of magic {unknown}
 u - a potion of degeneration {unknown}
 A - a potion of mutation {unknown}


   Skills:
 + Level 1.7 Fighting
 * Level 5.2 Ranged Weapons
 - Level 1.7 Dodging
 * Level 1.5 Unarmed Combat
 - Level 1.0 Spellcasting
 - Level 3.0 Hexes


You had 5 spell levels left.
You knew the following spells:

 Your Spells              Type           Power      Damage    Failure   Level
a - Slow                  Hex            44%        N/A       2%          1

Your spell library contained the following spells:

 Spells                   Type           Power      Damage    Failure   Level
 Scorch                   Fire           0%         2d5       13%         2
 Inner Flame              Hex/Fire       5%         N/A       14%         3
 Portal Projectile        Hex/Tloc       10%        N/A       14%         3
 Cause Fear               Hex            5%         N/A       24%         4
 Flame Wave               Conj/Fire      0%         2d4       61%         4
 Summon Cactus Giant      Summ           0%         N/A       100%        6


Dungeon Overview and Level Annotations

Branches:
Dungeon (5/15)
 Temple: D:4-7

Altars:
Yredelemnul


Innate Abilities, Weirdness & Mutations

You are a tree.
Your roots penetrate the ground, keeping you stationary.
You cannot be teleported.
You are immune to unholy pain and torment.
Your maximum health is greatly increased.
Your equipment is partially melded.
You regenerate health from kills.
You sometimes gain a little power by taking damage.


Message History

Your +0 helmet melds into your body.
Your +0 robe melds into your body.
Your roots penetrate the ground.
The gnoll bouda hits you but does no damage.
You hit the gnoll bouda. You drain the gnoll bouda.
The gnoll bouda is heavily wounded.
The gnoll bouda hits you but does no damage.
You barely miss the gnoll bouda. You punch the gnoll bouda.
The gnoll bouda is severely wounded.
The gnoll bouda gazes fiercely through you!
You feel as though you will be weak longer.
The gnoll bouda hits you but does no damage.
You hit the gnoll bouda but do no damage.
The gnoll bouda is severely wounded.
The gnoll bouda hits you but does no damage.
You hit the gnoll bouda but do no damage.
The gnoll bouda is severely wounded.
The gnoll bouda hits you but does no damage.
You closely miss the gnoll bouda.
The gnoll bouda is severely wounded.
Your attacks no longer feel as feeble.
The gnoll bouda hits you with a +0 whip.
* * * LOW HITPOINT WARNING * * *
You hit the gnoll bouda.
The gnoll bouda is severely wounded.
The gnoll bouda hits you but does no damage.
You barely miss the gnoll bouda.
The gnoll bouda is severely wounded.
The gnoll bouda hits you with a +0 whip.
* * * LOW HITPOINT WARNING * * *
You hit the gnoll bouda but do no damage.
You drain the gnoll bouda.
The gnoll bouda is almost dead.
The gnoll bouda hits you but does no damage.
You barely miss the gnoll bouda.
The gnoll bouda is almost dead.
The gnoll bouda hits you but does no damage.
You hit the gnoll bouda but do no damage.
The gnoll bouda is almost dead.
The gnoll bouda hits you with a +0 whip.
You die...

...#.#########,,,,,,.............
...<.......# *.###**##.####.#####
...###.###.# #.#..,,,#.#.#..#..##
.........#.# #.#.#**,#.#....#..##
.#[###.....###.#.#**,#.#.#..#....
.#.# ###....##.#.#<..#.#.#..#..##
.#.#####.....#.#.#*..#.#....#..#
.#......####.#.#.#*............##
##........##...#♣#*....##......#.
#......#.###..#g#*....##.#.##.#.
#.###.##.###..#.#*.......#....#.
#.###......#....##..#..#.######.
#.##..#..#.##...<...#...........
##.##.#..#..##..........#.######)
...[....#...##....>..............
##.##..#..#..#.#..........#######
##....#..#...#.#..####.###*****,,


You could see a gnoll bouda (very drained).

Vanquished Creatures
  A jelly (D:4)
  A hound (D:5)
  5 gnolls
  7 adders
  3 worms
  A dart slug (D:1)
  6 orcs (D:4)
  6 endoplasms
  5 giant cockroaches
  7 goblins
  2 hobgoblins (D:1)
  5 jackals (D:4)
  3 quokkas
  5 ball pythons
  8 bats
  3 frilled lizards
  9 kobolds
  2 rats (D:3)
79 creatures vanquished.

Vanquished Creatures (others)
  10 plants (D:4)
10 creatures vanquished.

Grand Total: 89 creatures vanquished

Notes
Turn   | Place    | Note
-------+----------+-------------------------------------------
     0 | D:1      | Alarkh the Demonspawn Hexslinger began the quest for the
                  | Orb.
     0 | D:1      | Reached XP level 1. HP: 15/15 MP: 2/2
    20 | D:1      | Reached skill level 2 in Ranged Weapons
   183 | D:1      | Gained mutation: You regenerate a little health from kills.
                  | [demonic ancestry]
   183 | D:1      | Reached XP level 2. HP: 21/21 MP: 3/3
   361 | D:1      | Found a faded altar of an unknown god.
   565 | D:1      | Reached skill level 3 in Ranged Weapons
   717 | D:1      | Gained mutation: You regenerate health from kills. [demonic
                  | ancestry]
   717 | D:1      | Reached XP level 3. HP: 18/23 MP: 4/4
   901 | D:2      | Found a basalt altar of Yredelemnul.
  1187 | D:2      | Reached XP level 4. HP: 23/32 MP: 5/5
  1194 | D:2      | Reached skill level 4 in Ranged Weapons
  2722 | D:4      | You fall into a shaft and drop 1 floor!
  2722 | D:5      | Entered Level 5 of the Dungeon
  2759 | D:5      | Gained mutation: You sometimes gain a little power by
                  | taking damage. [demonic ancestry]
  2759 | D:5      | Reached XP level 5. HP: 37/37 MP: 6/6
  3020 | D:4      | Reached skill level 5 in Ranged Weapons
  3113 | D:4      | Reached skill level 1 in Unarmed Combat
  4642 | D:3      | Slain by a gnoll bouda

Illustrated notes

Levels and vault maps discovered:
D:1:      erik_arrival_orb_chamber, layout_basic, ebering_ecumenical_altar_box,
          minmay_pentomino_r2
D:2:      minmay_chambers_of_ones, layout_loops_ring, basic_altar
D:3:      layout_basic, minmay_misc_feat_diagonals, grunt_ministairs_8
D:4:      kennysheep_goblin_castle, layout_rooms, serial_bayou,
          serial_bayou_ford_a, serial_bayou_pond_c, serial_bayou_pond_c,
          serial_bayou_shore_b, serial_bayou_shore_b, serial_bayou_lake_a
D:5:      layout_basic, mainiacjoe_overflow_swirl, serial_shops,
          nicolae_shop_advertising_works [nicolae_subvault_shop_adworks]

Skill      XL: |  1  2  3  4  5 |
---------------+----------------+-----
Ranged Weapons | 2 3 4 5 |  5.2
Unarmed Combat | 1 |  1.5
Fighting       | |  1.7
Dodging        | |  1.7
Spellcasting   | |  1.0
Hexes          | |  3.0

Action                     |  1- 3 |  4- 6 || total
---------------------------+-------+-------++-------
  Melee: Unarmed           |     6 |       ||     6
         Short sword       |    32 |   108 ||   140
         Punch             |       |     2 ||     2
   Fire: Sling             |   110 |   107 ||   217
  Throw: Javelin           |       |     1 ||     1
   Cast: Slow              |     2 |       ||     2
    Use: Potion            |     2 |     1 ||     3
         Scroll            |     1 |     1 ||     2
 Armour: Robe              |    22 |    28 ||    50
         Skin              |     3 |     9 ||    12
  Dodge: Dodged            |    55 |    99 ||   154
